 Dungeon Crawl Stone Soup version 0.28.0-43-g3370ac3207 (webtiles) character file.

Game seed: 5191924022565048517

373 issech the Cudgeller (level 6, -3/61 HPs)
             Began as a Troll Monk on Mar 26, 2022.
             Killed from afar by a white imp (6 damage)
             ... with a puff of frost
             ... on level 4 of the Dungeon.
             The game lasted 00:09:02 (2963 turns).

issech the Cudgeller (Troll Monk)                   Turns: 2963, Time: 00:09:02

Health: -3/61      AC:  5    Str: 20    XL:     6   Next: 43%
Magic:  5/5        EV: 11    Int:  6    God:
Gold:   147        SH:  0    Dex: 14    Spells: 5/5 levels left

rFire   . . .      SeeInvis .   t - +0 giant club
rCold   . . .      Faith    .   (shield currently unavailable)
rNeg    . . .      Spirit   .   b - +0 robe
rPois   .          Reflect  .   (helmet restricted)
rElec   .          Harm     .   u - +0 cloak
rCorr   .          Rampage  .   (gloves unavailable)
Will    .....                   (boots unavailable)
Stlth   ++........              (no amulet)
HPRegen 1.00/turn               (no ring)
MPRegen 0.09/turn               (no ring)

@: no status effects
A: large, unfitting armour, claws 3, regeneration 1, shaggy fur 1, tough skin 1
a: no special abilities


You were on level 4 of the Dungeon.
You visited 1 branch of the dungeon, and saw 4 of its levels.

You collected 147 gold pieces.

Inventory:

Hand Weapons
 a - a +0 mace
 j - a +0 scythe
 l - a +3 dagger
 t - a +0 giant club (weapon)
Missiles
 g - 206 stones (quivered)
 h - 8 poisoned darts
 k - 66 arrows
 p - 3 javelins
Armour
 b - a +0 robe (worn)
 u - a +0 cloak (worn)
Jewellery
 m - an amulet of faith
Wands
 v - a wand of polymorph (12)
Scrolls
 d - 2 scrolls of immolation {unknown}
 e - 2 scrolls of enchant weapon {unknown}
 q - a scroll of brand weapon {unknown}
 r - a scroll of vulnerability {unknown}
 w - a scroll of noise {unknown}
Potions
 c - a potion of cancellation {unknown}
 f - a potion of degeneration {unknown}
 i - a potion of magic {unknown}
 n - a potion of curing {unknown}
 o - a potion of lignification {unknown}
 s - 2 potions of invisibility {unknown}
 x - a potion of mutation {unknown}
 z - a potion of heal wounds {unknown}


   Skills:
 + Level 3.4 Fighting
 + Level 4.9 Maces & Flails
 + Level 0.1 Throwing
 + Level 3.4 Dodging
 + Level 1.5 Stealth


You had 5 spell levels left.
You didn't know any spells.
Your spell library contained the following spells:

 Spells                   Type           Power      Damage    Failure   Level
 Sublimation of Blood     Necr           0%         N/A       58%         2
 Wereblood                Tmut           0%         N/A       58%         2
 Summon Hydra             Summ           0%         N/A       100%        7


Dungeon Overview and Level Annotations

Branches:
Dungeon (4/15)
 Temple: D:4-7

Altars:


Innate Abilities, Weirdness & Mutations

You are too large for most types of armour.
You have claws for hands.
Your natural rate of healing is unusually fast.
You are covered in fur. (AC +1)
You have tough skin. (AC +1)


Message History

You barely miss the white imp. The white imp barely misses you.
The ogre shouts!
You hit the white imp but do no damage.
You hear a shout!
The white imp hits you but does no damage.
The white imp barely misses you.
You barely miss the white imp. The white imp gestures at you.
The puff of frost hits you.
You closely miss the white imp.
A kobold comes into view. It is wielding a +0 club.
The white imp hits you but does no damage.
Found a crooked jewelled staff.
You bludgeon the ogre!!
The ogre is severely wounded.
The ogre hits you with a +0 giant spiked club!!
The ogre completely misses you.
You barely miss the ogre.
The ogre is severely wounded.
The white imp gestures at you. The puff of frost hits you.
The white imp gestures at you. The puff of frost hits you.
The ogre hits you with a +0 giant spiked club!
* * * LOW HITPOINT WARNING * * *
The white imp gestures at you. The puff of frost hits you.
* * * LOW HITPOINT WARNING * * *
The white imp gestures at you. The puff of frost hits you.
* * * LOW HITPOINT WARNING * * *
A kobold comes into view. It is wielding a +0 short sword.
Found a tapered copper wand.
The kobold shouts!
The white imp gestures at you. The puff of frost hits you!
* * * LOW HITPOINT WARNING * * *
The white imp gestures at you. The puff of frost hits you.
You die...

#####..#.r#......##.
#...##.........#
##.#B##.........# ..
.###.K#5##.#.......#..#
...|O#.#..##.....##.. #
###..#.r.###...........
####.....###.......##.#
#.......##
#..........## #.....K@#
#.......#...# ........#
##.......#
..........####...##....
#.......#.#.....## ##.#
#/......#........##
..#######.........# ..
#.........# #.........#
#.........#


You could see an ogre, a white imp, a quokka, a giant cockroach and 2 kobolds.

Vanquished Creatures
  Sigmund (D:3)
  An ogre (D:2)
  Jessica (D:3)
  Ijyb (D:3)
  3 adders
  A worm (D:2)
  2 dart slugs
  An orc (D:2)
  8 endoplasms
  5 giant cockroaches
  3 goblins
  5 hobgoblins
  3 jackals (D:3)
  2 quokkas (D:1)
  5 ball pythons
  6 bats
  A frilled lizard (D:2)
  3 kobolds
  3 rats
55 creatures vanquished.

Notes
Turn   | Place    | Note
-------+----------+-------------------------------------------
     0 | D:1      | issech the Troll Monk began the quest for the Orb.
     0 | D:1      | Reached XP level 1. HP: 22/22 MP: 0/0
   111 | D:1      | Reached XP level 2. HP: 29/29 MP: 1/1
   249 | D:1      | Found a faded altar of an unknown god.
   254 | D:1      | Reached skill level 3 in Maces & Flails
   546 | D:1      | You fall into a shaft and drop 1 floor!
   664 | D:3      | Reached XP level 3. HP: 35/36 MP: 2/2
   738 | D:3      | Noticed Sigmund
   772 | D:3      | Killed Sigmund
   773 | D:3      | Reached skill level 4 in Maces & Flails
   773 | D:3      | Reached XP level 4. HP: 22/45 MP: 3/3
   773 | D:3      | Reached XP level 5. HP: 26/53 MP: 4/4
  2147 | D:3      | Noticed Jessica
  2164 | D:3      | Killed Jessica
  2260 | D:3      | Noticed an ogre
  2384 | D:2      | Killed an ogre
  2385 | D:2      | Reached XP level 6. HP: 58/61 MP: 5/5
  2534 | D:3      | Noticed Ijyb
  2541 | D:3      | Killed Ijyb
  2961 | D:4      | HP: 1/61 [white imp/puff of frost (9)]
  2963 | D:4      | Killed from afar by a white imp

Illustrated notes

Levels and vault maps discovered:
D:1:      tarquinn_simple_flora_water_e, layout_basic,
          chequers_ecumenical_altar_simple, grunt_decor_one_mirror,
          minmay_pentomino_x2
D:2:      layout_basic, minivault_25
D:3:      layout_loops_cross, serial_forest, infiniplex_forest_lined_ring,
          infiniplex_forest_corner_1, infiniplex_forest_end_1,
          infiniplex_forest_straight_1, infiniplex_forest_fountain,
          infiniplex_forest_end_2, infiniplex_forest_diagonal,
          infiniplex_forest_clump_curved, kennysheep_potato, uniq_jessica,
          uniq_sigmund, uniq_ijyb
D:4:      layout_rooms, uniq_robin, uniq_menkaure

Skill      XL: |  1  2  3 |
---------------+----------+-----
Maces & Flails | 3 4 |  4.9
Fighting       | 3 |  3.4
Dodging        | 3 |  3.4
Throwing       | |  0.1
Stealth        | |  1.5

Action                   |  1- 3 |  4- 6 || total
-------------------------+-------+-------++-------
Melee: Mace              |    84 |   103 ||   187
       Punch             |     1 |     2 ||     3
       Giant club        |       |    21 ||    21
Throw: Stone             |       |     5 ||     5
 Stab: Sleeping          |     2 |     1 ||     3
Armor: Robe              |    35 |    37 ||    72
       Skin              |       |     2 ||     2
Dodge: Dodged            |    38 |    89 ||   127
